Map: Eternal Empire LE

Players

Nordres - Winner!

  • Race: Zerg Zerg
  • League: Master
  • Spawn Location: 7:00

IIIIIIIIIIII

  • Race: Terran Terran
  • League: Master
  • Spawn Location: 1:00

VOD

Have the link to the VOD?

Description

Time

  • Played on: Aug. 20, 2020, 6:24 a.m.
  • Length: 18:10
Show
View Real Time Build Order
Export as new Build Order

Nordres Zerg - Winner!

Build Orders: Hatch First, Muta Ling Bane 

Get SALT Encoding   

  12  0:00  Drone  
  13  0:12  Overlord  
  13  0:17  Drone  
  14  0:30  Drone x2  
  16  0:48  Hatchery  
  15  0:52  Drone  
  15  0:55  Drone  
  17  0:59  Drone  
  18  1:11  Extractor  
  18  1:15  Spawning Pool  
  16  1:20  Drone  
  16  1:21  Drone  
  18  1:30  Drone  
  19  1:41  Drone  
  20  1:52  Overlord  
  20  2:01  Queen  
  20  2:02  Queen, Zergling x2  
  20  2:03  Zergling x2  
  26  2:22  Hatchery  
  25  2:27  Metabolic Boost  
  25  2:35  Drone  
  25  2:36  Drone  
  27  2:48  Drone x2  
  27  2:49  Drone  
  30  2:52  Overlord  
  30  2:54  Drone  
  30  2:55  Drone  
  32  3:04  Drone x2  
  34  3:17  Pneumatized Carapace  
  34  3:18  Queen  
  34  3:19  Drone  
  37  3:20  Drone  
  38  3:30  Drone x3  
  38  3:31  Drone  
  38  3:32  Overlord  
  42  3:35  Zergling x2  
  42  3:36  Zergling x2  
  44  3:51  Zergling x4  
  44  3:52  Zergling x4  
  44  3:54  Queen  
  47  4:04  Queen  
  47  4:07  Zergling x14  
  53  4:17  Spore Crawler  
  53  4:18  Queen  
  49  4:32  Spore Crawler  
  49  4:33  Drone x5  
  53  4:44  Drone x4  
  57  4:45  Lair  
  57  5:03  Extractor  
  57  5:04  Drone  
  57  5:05  Overlord x2  
  57  5:17  Extractor  
  57  5:18  Drone  
  57  5:19  Overlord x3  
  57  5:24  Roach Warren  
  56  5:35  Queen x2  
  58  5:38  Spore Crawler  
  58  5:40  Spore Crawler  
  58  5:46  Zergling x22  
  62  5:59  Zergling x18  
  56  6:26  Spire  
  56  6:27  Drone x3  
  56  6:28  Extractor  
  56  6:29  Queen x3  
  63  6:35  Drone  
  63  6:36  Drone x2  
  63  6:37  Drone x3  
  69  6:45  Drone x3  
  72  6:56  Hatchery  
  72  6:57  Evolution Chamber  
  72  7:00  Evolution Chamber  
  62  7:37  Spire, Queen x2  
  60  7:42  Drone x10  
  60  7:43  Drone x3  
  74  7:46  Zerg Melee Weapons Level 1  
  74  7:49  Zerg Ground Armor Level 1  
  74  7:52  Hatchery  
  73  8:11  Spore Crawler  
  72  8:13  Spine Crawler  
  72  8:16  Drone x2  
  73  8:34  Drone  
  73  8:37  Baneling Nest  
  73  8:38  Overlord x2  
  73  8:39  Overlord  
  73  8:51  Mutalisk x10  
  93  9:00  Drone x4  
  93  9:01  Drone x2  
  99  9:14  Drone x3, Overlord x2  
  102  9:24  Drone x2  
  102  9:25  Drone, Overlord x2  
  102  9:28  Unknown  
  104  9:32  Zergling x16  
  104  9:33  Centrifical Hooks  
  110  10:07  Baneling x9  
  110  10:08  Drone x8  
  110  10:10  Drone x2, Extractor  
  110  10:11  Drone x6  
  110  10:12  Extractor  
  124  10:49  Zerg Flyer Weapons Level 1, Zerg Ground Armor Level 2, Zerg Melee Weapons Level 2  
  124  10:50  Zergling x8  
  124  10:51  Zergling x32  
  124  10:57  Hydralisk Den  
  143  11:04  Zergling x2  
  143  11:09  Overseer x2  
  143  11:10  Overseer  
  144  11:29  Hatchery  
  119  11:46  Muscular Augments  
  119  11:47  Zergling x2, Baneling x2  
  111  11:48  Zergling x22, Hydralisk x6  
  135  12:02  Baneling  
  135  12:03  Mutalisk x2, Baneling x11  
  135  12:04  Mutalisk x2  
  143  12:10  Infestation Pit, Glial Reconstitution  
  143  12:15  Burrow  
  142  12:34  Drone, Overlord x2  
  142  12:35  Overlord x3  
  143  12:38  Baneling x6  
  143  12:39  Zergling x2, Baneling x3  
  143  12:41  Hydralisk x3  
  143  12:43  Overlord x3  
  150  12:53  Baneling x8  
  150  12:57  Grooved Spines  
  147  12:59  Hatchery  
  129  13:05  Zergling x4  
  129  13:06  Zergling x36  
  149  13:15  Zergling x2  
  149  13:16  Zergling x4  
  127  13:35  Zergling x2, Hydralisk  
  127  13:36  Zergling x14, Hydralisk x4  
  127  13:39  Hive  
  145  13:43  Hatchery  
  145  13:45  Drone x10  
  154  14:00  Baneling x5  
  154  14:01  Baneling x10  
  154  14:14  Zergling x2, Hydralisk  
  154  14:15  Zergling x22, Hydralisk x7  
  166  14:49  Extractor  
  166  14:50  Drone x7, Extractor  
  171  14:53  Unknown  
  168  15:06  Mutalisk x13  
  168  15:07  Mutalisk x4  
  185  15:17  Adrenal Glands  
  185  15:18  Zerg Ground Armor Level 3, Zerg Melee Weapons Level 3  
  185  15:36  Zergling x2  
  185  15:37  Zergling x26  
  199  15:42  Baneling  
  199  15:43  Baneling x13  
  192  16:09  Overseer x3  
  192  16:19  Greater Spire  
  192  16:21  Baneling  
  192  16:22  Baneling  
  176  16:33  Zergling x14  
  176  16:34  Zergling x14  
  173  16:56  Zergling x2, Ultralisk Cavern  
  173  16:57  Zergling x36  
  173  16:59  Baneling x7  
  173  17:01  Zergling x28  
  194  17:17  Baneling x5  
  185  17:30  Baneling x2  
  185  17:34  Drone x4  
  185  17:35  Drone x7  
  194  17:55  Hatchery  
Show
View Real Time Build Order
Export as new Build Order

IIIIIIIIIIII Terran 

Build Orders: Gas First Reaper Expand 

Get SALT Encoding   

  12  0:00  SCV  
  13  0:12  SCV  
  14  0:15  Refinery  
  14  0:24  SCV  
  15  0:28  Supply Depot  
  15  0:50  SCV  
  15  0:51  Barracks  
  16  1:02  SCV  
  17  1:15  SCV  
  18  1:29  SCV  
  19  1:39  Reaper  
  20  1:41  Orbital Command  
  20  1:50  Command Center  
  20  2:00  Factory  
  20  2:07  SCV  
  21  2:09  Refinery  
  21  2:13  Barracks Reactor  
  21  2:19  SCV  
  22  2:24  Supply Depot  
  22  2:33  SCV  
  23  2:45  Starport  
  23  2:52  SCV  
  23  2:55  Hellion x2  
  23  2:57  Reaper  
  29  3:03  Orbital Command  
  29  3:06  SCV  
  30  3:18  Hellion x2  
  34  3:27  SCV  
  34  3:30  Fusion Core  
  34  3:33  SCV  
  36  3:40  Marine  
  37  3:46  Supply Depot, SCV  
  37  3:47  SCV  
  39  4:01  SCV  
  39  4:02  Hellion  
  42  4:03  Starport Tech Lab  
  42  4:08  SCV  
  43  4:10  Supply Depot  
  43  4:13  SCV  
  43  4:16  Hellion  
  46  4:20  SCV  
  47  4:25  SCV  
  48  4:32  SCV  
  48  4:33  Battlecruiser, Supply Depot  
  48  4:37  SCV  
  56  4:39  Hellion  
  58  4:47  SCV  
  58  4:49  Weapon Refit, SCV  
  58  4:51  Supply Depot  
  58  4:52  Refinery  
  60  4:57  Supply Depot  
  60  5:05  Barracks Tech Lab, SCV x2  
  62  5:18  Refinery  
  62  5:19  Supply Depot  
  62  5:20  Supply Depot  
  62  5:21  Hellion x2, SCV  
  66  5:22  SCV  
  66  5:24  Concussive Shells  
  68  5:37  Battlecruiser  
  68  5:39  SCV x2  
  76  5:43  Supply Depot  
  76  6:00  Hellion x2  
  78  6:16  SCV x2  
  68  6:22  Command Center  
  68  6:24  Engineering Bay  
  68  6:25  Engineering Bay  
  66  6:28  SCV x2  
  66  6:31  Marine, Stimpack  
  66  6:32  Hellion x2  
  73  6:35  Barracks  
  73  6:40  Barracks  
  73  6:50  SCV x2  
  73  6:53  Terran Infantry Armor Level 1, Terran Infantry Weapons Level 1  
  75  6:54  Marine  
  75  7:00  Starport Reactor  
  76  7:03  Widow Mine x2  
  80  7:12  Marauder  
  82  7:16  SCV x2  
  84  7:23  Barracks  
  84  7:24  Widow Mine  
  84  7:25  Widow Mine, Barracks  
  84  7:28  SCV x2  
  84  7:39  Missile Turret  
  84  7:40  SCV  
  84  7:41  SCV  
  84  7:43  Missile Turret  
  86  7:44  Barracks Reactor  
  86  7:45  Missile Turret, Orbital Command  
  86  7:46  Missile Turret  
  86  7:53  SCV x2  
  86  7:55  Combat Shield  
  88  7:58  Refinery  
  88  8:03  Supply Depot x2, Refinery  
  88  8:05  Missile Turret  
  88  8:07  SCV x2  
  88  8:08  Orbital Command  
  88  8:10  Barracks Reactor, Missile Turret  
  90  8:18  Marine x2, Barracks Reactor  
  90  8:19  Medivac, SCV x2  
  96  8:23  Medivac  
  98  8:29  Missile Turret  
  98  8:32  Missile Turret  
  98  8:40  Supply Depot  
  98  8:41  SCV x2  
  98  8:42  SCV  
  98  8:43  Missile Turret  
  103  8:56  Marine x2, Marauder  
  103  8:57  Marine x4, Marauder  
  103  8:58  Medivac  
  103  8:59  Medivac  
  115  9:04  SCV x2  
  115  9:05  Missile Turret  
  117  9:10  Supply Depot  
  117  9:12  Missile Turret  
  117  9:13  Supply Depot  
  117  9:14  Widow Mine x2  
  121  9:19  SCV x3  
  124  9:26  Command Center  
  124  9:29  Marine x5  
  124  9:30  Marine  
  134  9:31  Marauder x2  
  134  9:36  Barracks  
  134  9:37  Barracks x2  
  134  9:47  Bunker  
  134  9:49  Supply Depot  
  132  9:54  Marine x2  
  132  9:55  Marine x4  
  132  9:56  Marine x2  
  132  9:59  SCV x3  
  141  10:07  Medivac x2  
  141  10:08  Command Center  
  141  10:11  Missile Turret  
  141  10:12  SCV x3  
  148  10:17  Marine x2, Marauder x2, Missile Turret  
  148  10:18  Marine  
  155  10:22  Armory  
  155  10:34  Barracks Reactor x3  
  155  10:37  Medivac x2  
  159  10:52  Missile Turret  
  159  10:53  Marine x2, Missile Turret  
  159  10:54  Marine x4  
  159  10:55  Missile Turret  
  159  10:56  Missile Turret x2  
  165  11:10  Supply Depot  
  165  11:11  Supply Depot x2  
  165  11:12  Medivac x2, Marauder x2  
  165  11:14  Terran Infantry Weapons Level 2, Terran Infantry Armor Level 2  
  173  11:19  Marine x10  
  173  11:25  Refinery  
  183  11:27  Refinery  
  163  11:43  Marine x6  
  163  11:44  Marine x6, Marauder x2  
  163  11:46  Widow Mine x2, Medivac x2  
  181  11:49  Terran Vehicle Weapons Level 1  
  181  12:00  Sensor Tower, Marine  
  181  12:01  Marine x3  
  184  12:02  Marine, Missile Turret  
  184  12:05  Marauder x2  
  190  12:12  Planetary Fortress  
  190  12:20  Command Center  
  190  12:32  Marine x6, Marauder x2  
  200  12:45  Missile Turret  
  200  12:46  Missile Turret  
  200  12:52  Factory, Barracks  
  200  12:54  Barracks  
  156  13:05  Marine  
  156  13:06  Marine x4, Marauder x2  
  156  13:07  Marine x3  
  168  13:16  Medivac x2  
  168  13:17  Widow Mine  
  168  13:18  Widow Mine  
  102  13:37  Factory Reactor  
  102  13:39  Starport  
  92  13:41  Barracks Tech Lab x2  
  92  13:46  Medivac x2, Terran Infantry Weapons Level 3, Terran Infantry Armor Level 3, Terran Vehicle Weapons Level 2  
  98  13:55  Marine  
  98  13:56  Marine x2, Marauder x2  
  98  13:57  Marine x5  
  98  13:58  Marine x3  
  111  14:05  Marauder x2  
  113  14:22  Marine x3  
  113  14:23  Marine x8  
  116  14:25  Command Center  
  116  14:29  Medivac x2  
  116  14:30  Starport Reactor  
  116  14:37  Marine x4  
  113  14:39  Command Center, SCV x2  
  113  14:46  Widow Mine x2  
  113  14:50  Marauder  
  113  14:51  Marine  
  120  14:56  Marauder  
  100  15:07  Medivac, Marauder x2  
  100  15:08  Medivac x3  
  100  15:09  Marine x2  
  114  15:14  Marauder  
  114  15:15  Marine  
  114  15:17  Marauder  
  114  15:19  Widow Mine x2  
  114  15:20  Marine x2  
  125  15:21  Marine  
  125  15:25  Marine x3  
  129  15:34  Marine, Marauder x2  
  134  15:37  Marine x2, Marauder  
  134  15:38  Marine, Marauder  
  141  15:45  Medivac  
  141  15:46  Medivac x3  
  142  15:59  Orbital Command  
  142  16:01  Marine x4, Marauder x2  
  142  16:02  Marine  
  151  16:07  Marine  
  151  16:08  Marine, Marauder x2  
  157  16:15  Medivac  
  158  16:23  Marauder  
  153  16:26  Marine  
  153  16:27  Marine, Marauder  
  153  16:29  Marauder  
  159  16:46  Marine x5  
  159  16:47  Marine  
  134  16:51  Marine x7  
  134  16:52  Marine x3  
  133  16:59  Medivac  
  135  17:04  Marine x6  
  126  17:09  Marine x4  
  126  17:10  Marauder  
  126  17:15  Medivac x2  
  119  17:25  Marine, Marauder x3  
  110  17:34  Medivac x2  
  110  17:36  Marine, Marauder  
Tags
 
Add a new tag
Caveats
  • Supply blocks, unpowered buildings, or Contaminate may cause inaccurate times.
  • Supply counts are checked every 10 seconds.